 Dungeon Crawl Stone Soup version 0.23.1 (webtiles) character file.

Game seed: 11406621150728643422

265 Kairos the Sneak (level 6, 0/32 HPs)
             Began as a Vine Stalker Assassin on Mar 19, 2019.
             Slain by an ogre
             ... wielding a +0 giant spiked club
              (13 damage)
             ... in the Ecumenical Temple.
             The game lasted 00:04:51 (2877 turns).

Kairos the Sneak (Vine Stalker Assassin)            Turns: 2877, Time: 00:04:52

Health: 0/32       AC:  6    Str: 13    XL:     6   Next: 20%
Magic:  0/7        EV: 11    Int: 11    God:
Gold:   149        SH:  0    Dex: 18    Spells: 5/5 levels left

rFire    . . .     SeeInvis .   a - +2 dagger
rCold    . . .     Gourm    .   (no shield)
rNeg     . . .     Faith    .   m - +0 ring mail
rPois    +         Spirit   +   (no helmet)
rElec    .         Reflect  .   d - +0 cloak
rCorr    .         Harm     .   (no gloves)
MR       .....                  (no boots)
Stlth    +++.......             (no amulet)
HPRegen  0.50/turn              C - ring of flight
MPRegen  0.10/turn              l - ring of poison resistance

@: no status effects
A: fangs 2, regeneration 1, magic shield, antimagic bite, no potion heal 3, rot
immunity
a: Evoke Flight


You were in the Ecumenical Temple.
You were hungry.

You visited 2 branches of the dungeon, and saw 5 of its levels.

You collected 149 gold pieces.

Inventory:

Hand Weapons
 a - a +2 dagger (weapon)
 b - a +0 blowgun
Missiles
 e - 16 poisoned needles
 f - 2 curare-tipped needles
 s - 15 tomahawks (quivered)
Armour
 c - a +0 robe
 d - a +0 cloak (worn)
 m - a +0 ring mail (worn)
Jewellery
 k - an uncursed ring of ice
 l - a ring of poison resistance (right hand)
 C - a ring of flight (left hand)
Wands
 y - a wand of digging (11)
Scrolls
 h - 3 scrolls of teleportation
 j - a scroll of amnesia
 o - 3 scrolls of magic mapping
 t - 3 scrolls of enchant armour
 v - 3 scrolls of remove curse
 x - a scroll of random uselessness {unknown}
 A - a scroll of fog {unknown}
 D - a scroll of blinking {unknown}
Potions
 i - a potion of curing
 n - a potion of cancellation
 p - a potion of haste
 q - a potion of lignification
 r - a potion of ambrosia {unknown}
 w - a potion of agility {unknown}
 z - a potion of flight {unknown}
Comestibles
 g - 6 rations


   Skills:
 + Level 2.5 Fighting
 + Level 3.5 Short Blades
 + Level 1.7 Throwing
 + Level 1.3 Armour
 + Level 1.8 Dodging
 + Level 6.4 Stealth


You had 5 spell levels left.
You didn't know any spells.
Your spell library was empty.

Dungeon Overview and Level Annotations

Branches:
Dungeon (4/15)             Temple (1/1) D:4

Altars:
Elyvilon
Trog


Innate Abilities, Weirdness & Mutations

You have extremely sharp teeth.
Your natural rate of healing is unusually fast.
When hurt, damage is shared between your health and your magic reserves.
Your bite disrupts and absorbs the magic of your enemies.
Potions cannot restore your health.
You are immune to rotting.


Message History

You hit the ogre but do no damage. You bite the ogre. You drain its power.
You feel invigorated.
The ogre is moderately wounded.
The ogre barely misses you.
You completely miss the ogre. You bite the ogre. You drain its power.
The ogre is heavily wounded.
You hit the ogre. Your bite misses the ogre.
The ogre is severely wounded.
The ogre hits you with a +0 giant spiked club!
You are feeling hungry.
You hit the ogre.
The ogre is severely wounded.
The ogre barely misses you.
Your ring mail prevents you from hitting the ogre.
You bite the ogre, but do no damage.
The ogre is severely wounded.
You barely miss the ogre.
The ogre is severely wounded.
The ogre hits you with a +0 giant spiked club!
You die...

## ##...
#####.....
#......._.
#.O.......
#.@.......
#.....####
#.....#
#######


You could see an ogre.

Vanquished Creatures
  An orc wizard (D:3)
  Terence (D:3)
  3 gnolls (D:3)
  10 adders
  An ooze (D:3)
  2 worms (D:2)
  A dart slug (D:1)
  4 leopard geckos
  5 orcs (D:3)
  2 ball pythons (D:1)
  5 giant cockroaches
  6 goblins
  7 hobgoblins
  2 jackals (D:3)
  11 kobolds
  8 bats
  3 frilled lizards
  10 rats
82 creatures vanquished.

Notes
Turn   | Place    | Note
-------+----------+-------------------------------------------
     0 | D:1      | Kairos the Vine Stalker Assassin began the quest for the
                  | Orb.
     0 | D:1      | Reached XP level 1. HP: 11/11 MP: 2/2
    44 | D:1      | Reached skill level 5 in Stealth
   432 | D:1      | Reached XP level 2. HP: 15/15 MP: 3/3
   526 | D:1      | Reached skill level 1 in Dodging
   526 | D:1      | Reached XP level 3. HP: 2/18 MP: 1/4
  1197 | D:2      | Reached skill level 6 in Stealth
  1589 | D:2      | Gained mutation: Your natural rate of healing is unusually
                  | fast. [Vine Stalker growth]
  1589 | D:2      | Reached XP level 4. HP: 22/23 MP: 5/5
  1651 | D:2      | Found a white marble altar of Elyvilon.
  1957 | D:3      | Reached XP level 5. HP: 21/26 MP: 6/6
  2070 | D:3      | Noticed Terence
  2091 | D:3      | Reached skill level 1 in Armour
  2136 | D:3      | Killed Terence
  2426 | D:3      | Reached XP level 6. HP: 25/32 MP: 7/7
  2773 | D:4      | Found the +2 Maxwell's thermic engine {flame, freeze}
  2855 | D:4      | Found a staircase to the Ecumenical Temple.
  2867 | Temple   | Entered the Ecumenical Temple
  2877 | Temple   | Slain by an ogre

Skill      XL: |  1  2  3  4  5 |
---------------+----------------+-----
Stealth        | 5 6 |  6.4
Short Blades   | 2 3 |  3.5
Dodging        | 1 |  1.8
Fighting       | 2 |  2.5
Armour         | 1 |  1.3
Throwing       | |  1.7

Action                   |  1- 3 |  4- 6 || total
-------------------------+-------+-------++-------
Melee: Dagger            |   100 |   199 ||   299
       Bite              |    18 |    57 ||    75
  Use: Potion            |     1 |       ||     1
       Scroll            |       |    10 ||    10
 Stab: Sleeping          |     7 |     6 ||    13
  Eat: Chunk             |     2 |     4 ||     6
Armor: Robe              |     9 |       ||     9
       Ring mail         |    20 |    49 ||    69
Dodge: Dodged            |    57 |    79 ||   136
